 Dungeon Crawl Stone Soup version 0.20.1-1-g8b1a95d (webtiles) character file.

13097 Inarius the Dealer of Despair (level 12, -1/86 HPs)
             Began as a Hill Orc Necromancer on July 4, 2017.
             Was an Elder of Kikubaaqudgha.
             Slain by a spiny frog (19 damage)
             ... on level 2 of the Lair of Beasts.
             The game lasted 01:09:24 (14097 turns).

Inarius the Dealer of Despair (HONe)               Turns: 14097, Time: 01:09:26

Health: -1/86      AC: 14    Str: 15    XL:     12   Next: 2%
Magic:  0/23       EV: 10    Int: 29    God:    Kikubaaqudgha [****..]
Gold:   360        SH:  0    Dex: 13    Spells: 4/26 levels left

rFire    . . .     SeeInvis .   A - +2 hand axe (elec)
rCold    + + .     Gourm    .   (no shield)
rNeg     . . .     Faith    .   c - +1 scale mail "Kiew" {+Fly rC+ Int+4}
rPois    .         Spirit   .   r - +0 helmet
rElec    +         Reflect  .   x - +2 cloak "Cegiufin" {-Tele rElec Str+3 Int+4}
rCorr    .         Harm     .   (no gloves)
MR       +....     Rnd*Rage +   (no boots) Stlth ..........NoTele +
                                V - amulet of magic regeneration
Regen    1.7/turn               i - ring of protection from cold
MPRegen  0.3/turn               p - ring of protection from magic

@: regenerating (expiring)
A: yellow scales 1, agile 1, berserk 1, clever 1, frail 1, regeneration 1
a: Receive Corpses, Renounce Religion, Evoke Flight


You were on level 2 of the Lair of Beasts.
You worshipped Kikubaaqudgha.
Kikubaaqudgha was greatly pleased with you.
You were hungry.

You visited 3 branches of the dungeon, and saw 14 of its levels.
You also visited: Ossuary.

You collected 780 gold pieces.
You spent 420 gold pieces at shops.

Inventory:

Hand Weapons
 A - a +2 hand axe of electrocution (weapon)
 B - a +2 dagger of draining
 Q - a +1 dagger of pain
Armour
 c - the +1 scale mail "Kiew" (worn) {+Fly rC+ Int+4}
   (You found it on level 11 of the Dungeon)

   It affects your intelligence (+4).
   It protects you from cold.
   It lets you fly.
 k - a +1 cloak of poison resistance
 r - a +0 helmet (worn)
 x - the +2 cloak "Cegiufin" (worn) {-Tele rElec Str+3 Int+4}
   (You found it on level 4 of the Dungeon)

   It affects your strength (+3).
   It affects your intelligence (+4).
   It insulates you from electricity.
   It prevents most forms of teleportation.
Magical Staves
 J - an uncursed staff of death
Jewellery
 e - a cursed amulet of inaccuracy {unknown}
 i - a ring of protection from cold (left hand)
 p - a ring of protection from magic (right hand)
 C - a +3 amulet of reflection
 O - an uncursed ring of flight
 T - an uncursed ring of ice
 V - an amulet of magic regeneration (around neck)
Wands
 G - a wand of lightning (3/15)
 K - a wand of polymorph (13/24)
 R - a wand of disintegration (12/24)
 U - a wand of lightning (10/15)
Scrolls
 a - 3 scrolls of enchant armour {unknown}
 g - 8 scrolls of remove curse
 h - 3 scrolls of teleportation
 s - 2 scrolls of fear {unknown}
 D - 2 scrolls of enchant weapon {unknown}
 F - 2 scrolls of fog
 M - 3 scrolls of amnesia
 W - a scroll of recharging {unknown}
 Y - a scroll of summoning
 Z - a scroll of random uselessness {unknown}
Potions
 d - 3 potions of flight
 f - 4 potions of haste
 j - a potion of might
 n - 2 potions of brilliance {unknown}
 q - 6 potions of lignification
 t - 3 potions of curing
 u - a potion of magic {unknown}
 v - 3 potions of heal wounds
 w - 2 potions of agility {unknown}
 z - 5 potions of mutation
 E - a potion of ambrosia {unknown}
 I - a potion of berserk rage {unknown}
 L - 3 potions of resistance {unknown}
 N - 3 potions of invisibility {unknown}
 P - a potion of cancellation {unknown}
Books
 b - a book of Necromancy

   Spells                             Type                      Level
   a - Pain                           Necromancy                   1
   b - Animate Skeleton               Necromancy                   1
   c - Vampiric Draining              Necromancy                   3
   d - Regeneration                   Charms/Necromancy            3
   e - Animate Dead                   Necromancy                   4
   f - Control Undead                 Necromancy                   4
 o - Kikubaaqudgha's Grimoire of Sinister Rituals
   (Kikubaaqudgha gifted it to you in an ossuary)

   Spells                             Type                      Level
   a - Animate Skeleton               Necromancy                   1
   b - Corpse Rot                     Necromancy                   2
   c - Sublimation of Blood           Necromancy                   2
   d - Regeneration                   Charms/Necromancy            3
   e - Control Undead                 Necromancy                   4
 y - a book of Maledictions

   Spells                             Type                      Level
   a - Corona                         Hexes                        1
   b - Ensorcelled Hibernation        Hexes/Ice                    2
   c - Confuse                        Hexes                        3
   d - Tukima's Dance                 Hexes                        3
   e - Dazzling Spray                 Conjuration/Hexes            3
 S - Kikubaaqudgha's Tome of Evil Rituals
   (Kikubaaqudgha gifted it to you on level 8 of the Dungeon)

   Spells                             Type                      Level
   a - Excruciating Wounds            Charms/Necromancy            5
   b - Bolt of Draining               Conjuration/Necromancy       5
   c - Cigotuvi's Embrace             Necromancy                   5
   d - Dispel Undead                  Necromancy                   5
   e - Death Channel                  Necromancy                   6
 X - a book of Debilitation

   Spells                             Type                      Level
   a - Corona                         Hexes                        1
   b - Slow                           Hexes                        2
   c - Inner Flame                    Hexes/Fire                   3
   d - Portal Projectile              Hexes/Translocation          3
   e - Cause Fear                     Hexes                        4
   f - Leda's Liquefaction            Hexes/Earth                  4
Comestibles
 l - 5 royal jellies
 m - 4 meat rations
 H - 7 fruits


   Skills:
 + Level 6.1 Fighting
 + Level 6.2 Axes
   Level 0.4(4.0) Maces & Flails
 - Level 3.1 Staves
 + Level 4.0 Armour
 + Level 2.0 Dodging
 - Level 1.5 Stealth
 + Level 7.7 Spellcasting
 + Level 2.5 Charms
 + Level 12.6 Necromancy
 + Level 4.5 Evocations


You had 4 spell levels left.
You knew the following spells:

 Your Spells              Type           Power        Failure   Level  Hunger
a - Pain                  Necr           ####         1%          1    None
b - Animate Skeleton      Necr           N/A          1%          1    None
c - Vampiric Draining     Necr           ######....   1%          3    None
d - Regeneration          Chrm/Necr      ######....   2%          3    None
e - Control Undead        Necr           ######....   1%          4    ##.....
f - Animate Dead          Necr           N/A          1%          4    ##.....
g - Death Channel         Necr           ######....   14%         6    ######.


Dungeon Overview and Level Annotations

Branches:
Dungeon (11/15)            Temple (1/1) D:5            Lair (2/6) D:8
    Orc (0/2) D:9
  Swamp: Lair:2-4    Shoals: Lair:2-4     Snake: Lair:2-4    Spider: Lair:2-4

Altars:
Dithmenos
Fedhas
Kikubaaqudgha
Makhleb
Nemelex Xobeh
Ru
Xom
Yredelemnul
Zin

Shops:
D:6 =   D:8 }   D:10 (

Annotations:
D:7 NormalPerson7's ghost, novice FoWr


Innate Abilities, Weirdness & Mutations

You are partially covered in yellow scales. (AC +2)
You are agile. (Dex +2)
You tend to lose your temper in combat.
Your mind is acute. (Int +2)
You are frail. (-10% HP)
Your natural rate of healing is unusually fast.


Message History

You slash the spiny frog!
The spiny frog is severely wounded.
The spiny frog stings you!
* * * LOW HITPOINT WARNING * * *
Your adder zombie barely misses the spiny frog.
Your water moccasin zombie bites the spiny frog but does no damage.
The spiny frog stings you!
* * * LOW HITPOINT WARNING * * *
Casting: Vampiric Draining
Confirm with . or Enter, or press ? or * to list all spells.
Aiming: Vampiric Draining
Press: ? - help, Shift-Dir - straight line, f/p - spiny frog
Aim: a spiny frog (severely wounded)
The spiny frog is almost dead.
You feel life coursing into your body.
Your adder zombie bites the spiny frog but does no damage.
Your water moccasin zombie closely misses the spiny frog.
The spiny frog stings you!!
You die...
Kikubaaqudgha rasps: "You have failed me!
Welcome... death!"

#. ... #.## ## #.. ## ##
#.### #.#####.#PP#
#...P######.........P.
.....PP##.P...........
#...##..Z@Z........ #
#.......F##...#... #
##.###............ # #..#
#.........P.. #
####.####........#.. ###
#.##..# .........P.# ..#
##....###...........#
..####.....##.P.#........#
.......>........#......


You could see a spiny frog, a friendly adder zombie and a friendly water
moccasin zombie.

Vanquished Creatures
  Erica (D:8)
  A two-headed ogre (D:9)
  An ugly thing (D:11)
  A cyclops (D:11)
  A black mamba (Lair:2)
  2 spiny frogs
  A komodo dragon (Lair:1)
  2 hippogriffs
  A shadow (D:11)
  Sigmund (D:4)
  14 yaks
  2 water moccasins
  4 ice beasts
  2 porcupines
  2 sky beasts (D:5)
  An orc warrior (D:11)
  5 phantoms
  2 black bears
  A centaur (D:8)
  4 ogres
  3 crocodiles
  A big kobold (D:11)
  8 bullfrogs
  3 water moccasin zombies (Ossuary)
  4 scorpions
  6 killer bees (D:10)
  2 wights (D:11)
  A howler monkey (D:11)
  A crimson imp (D:11)
  A centaur zombie (D:9)
  A quasit (D:8)
  A bullfrog skeleton (D:5)
  4 hounds
  3 jellies
  3 centaur skeletons
  6 orc priests
  8 orc wizards
  2 iguanas
  9 worker ants
  A big kobold zombie (Ossuary)
  A hound zombie (D:10)
  2 mummies (Ossuary)
  A hound skeleton (D:6)
  A worker ant zombie (D:10)
  4 gnolls
  15 adders
  A howler monkey skeleton (D:7)
  A shadow imp (D:11)
  An ooze (D:5)
  6 adder zombies
  An adder skeleton (D:9)
  A worm (D:2)
  A dart slug (D:1)
  A leopard gecko (D:1)
  42 orcs
  7 bats
  2 giant cockroaches (D:1)
  5 goblins
  7 hobgoblins
  9 jackals
  2 quokkas
  6 frilled lizards
  7 hobgoblin zombies (Ossuary)
  19 kobolds
  7 kobold zombies (Ossuary)
  A leopard gecko skeleton (D:5)
  6 orc zombies (Ossuary)
  2 quokka skeletons (D:6)
  A quokka zombie (D:5)
  8 rats
  A rat zombie (D:5)
  2 fungi (Lair:2)
288 creatures vanquished.

Vanquished Creatures (collateral kills)
  A two-headed ogre (D:11)
  The ghost of Agrougrou the Chopper, a novice DsFi of Okawaru (D:4)
  A gargoyle (D:11)
  2 hippogriffs
  A troll (D:11)
  A wraith (D:11)
  5 yaks
  A hungry ghost (D:8)
  A water moccasin (Lair:1)
  An ice beast (D:10)
  A phantom (D:10)
  A black bear (D:9)
  2 ogres
  4 bullfrogs
  A wyvern skeleton (D:8)
  2 scorpions
  A howler monkey (D:8)
  A wight (D:11)
  A crimson imp (D:6)
  A quasit (D:10)
  A hound (D:8)
  A centaur skeleton (D:9)
  A bullfrog skeleton (D:11)
  3 orc priests
  3 orc wizards
  A big kobold zombie (Ossuary)
  A worker ant zombie (D:11)
  2 gnolls
  An adder (D:7)
  An ooze (D:4)
  An adder skeleton (D:4)
  A worm (D:3)
  A leopard gecko (D:3)
  4 orcs
  A bat (D:2)
  A goblin (D:1)
  A hobgoblin (D:3)
  2 jackals (D:6)
  A quokka (D:4)
  A frilled lizard (D:1)
  A gnoll zombie (Ossuary)
60 creatures vanquished.

Grand Total: 348 creatures vanquished

Notes
Turn   | Place    | Note
-------+----------+-------------------------------------------
     0 | D:1      | Inarius the Hill Orc Necromancer began the quest for the Orb.
     0 | D:1      | Reached XP level 1. HP: 14/14 MP: 3/3
     2 | D:1      | Learned a level 1 spell: Animate Skeleton
   268 | D:1      | Reached XP level 2. HP: 20/20 MP: 2/4
   722 | D:1      | Reached XP level 3. HP: 22/27 MP: 1/5
   727 | D:1      | Learned a level 3 spell: Vampiric Draining
  1311 | D:2      | Reached XP level 4. HP: 33/34 MP: 4/7
  1336 | D:2      | Reached skill level 1 in Fighting
  1353 | D:2      | HP: 1/35 [gnoll/spear (8)]
  1354 | D:2      | Gained mutation: You tend to lose your temper in combat. [potion of mutation]
  1354 | D:2      | Gained mutation: You are partially covered in yellow scales. (AC +2) [potion of mutation]
  1354 | D:2      | Gained mutation: You are agile. (Dex +2) [potion of mutation]
  1617 | D:2      | Reached skill level 1 in Armour
  1878 | D:2      | Reached skill level 5 in Necromancy
  2241 | D:3      | Reached XP level 5. HP: 31/41 MP: 1/8
  2304 | D:3      | Learned a level 3 spell: Regeneration
  2875 | D:3      | Reached skill level 1 in Charms
  3264 | D:3      | Noticed an ogre
  3291 | D:3      | Killed an ogre
  3291 | D:3      | Reached XP level 6. HP: 10/50 MP: 0/10
  3538 | D:4      | Noticed Agrougrou's ghost (novice DsFi)
  3909 | D:4      | Noticed Sigmund
  3993 | D:4      | Got a shimmering cloak
  4000 | D:4      | Identified the +2 cloak "Cegiufin" {-Tele rElec Str+3 Int+4} (You found it on level 4 of the Dungeon)
  4064 | D:5      | Entered Level 5 of the Dungeon
  4078 | D:5      | Found a staircase to the Ecumenical Temple.
  4084 | Temple   | Entered the Ecumenical Temple
  4150 | Temple   | Became a worshipper of Kikubaaqudgha
  4453 | D:5      | Noticed a sky beast
  4462 | D:5      | Killed a sky beast
  4462 | D:5      | Reached XP level 7. HP: 53/57 MP: 3/11
  4525 | D:5      | Found a sand-covered staircase.
  4731 | Ossuary  | Entered an ossuary
  5385 | Ossuary  | Reached * piety under Kikubaaqudgha
  5385 | Ossuary  | Identified Kikubaaqudgha's Grimoire of Sinister Rituals (Kikubaaqudgha gifted it to you in an ossuary)
  5385 | Ossuary  | Received a gift from Kikubaaqudgha
  5396 | Ossuary  | Learned a level 4 spell: Control Undead
  5486 | Ossuary  | Reached skill level 1 in Axes
  5486 | Ossuary  | Reached skill level 6 in Necromancy
  5728 | D:5      | Reached XP level 8. HP: 28/66 MP: 2/13
  5733 | D:5      | Gained mutation: Your natural rate of healing is unusually fast. [mutagenic meat]
  5734 | D:5      | Gained mutation: Your mind is acute. (Int +2) [mutagenic meat]
  5736 | D:5      | Gained mutation: You are frail. (-10% HP) [mutagenic meat]
  6633 | D:6      | Found a sparkling altar of Nemelex Xobeh.
  6813 | D:6      | Found Paneeth's Jewellery Shop.
  6852 | D:6      | Reached skill level 7 in Necromancy
  6854 | D:6      | Reached ** piety under Kikubaaqudgha
  7253 | D:7      | Noticed NormalPerson7's ghost (novice FoWr)
  7459 | D:4      | Killed Sigmund
  7477 | D:4      | Killed Agrougrou's ghost
  7477 | D:4      | Reached skill level 1 in Evocations
  7477 | D:4      | Reached XP level 9. HP: 45/63 MP: 8/15
  7907 | D:7      | Reached skill level 8 in Necromancy
  7985 | D:7      | Reached skill level 1 in Staves
  8067 | D:7      | Learned a level 4 spell: Animate Dead
  8072 | D:7      | Identified a scroll of acquirement
  8515 | D:7      | Reached skill level 5 in Spellcasting
  8828 | D:8      | Found Bemn's Quality Used Wands.
  8984 | D:8      | Reached skill level 9 in Necromancy
  9239 | D:8      | Noticed Erica
  9257 | D:8      | Killed Erica
  9257 | D:8      | Reached XP level 10. HP: 41/72 MP: 0/18
  9381 | D:8      | Reached *** piety under Kikubaaqudgha
  9381 | D:8      | Identified Kikubaaqudgha's Tome of Evil Rituals (Kikubaaqudgha gifted it to you on level 8 of the Dungeon)
  9381 | D:8      | Received a gift from Kikubaaqudgha
  9390 | D:8      | Found a staircase to the Lair.
  9610 | D:8      | Reached skill level 10 in Necromancy
 10165 | D:6      | Bought an uncursed amulet of magic regeneration for 420 gold pieces
 10274 | D:9      | Noticed a two-headed ogre
 10294 | D:9      | Killed a two-headed ogre
 10401 | D:9      | Reached skill level 5 in Fighting
 10480 | D:9      | Found a staircase to the Orcish Mines.
 10833 | D:9      | Reached skill level 11 in Necromancy
 10836 | D:9      | Reached **** piety under Kikubaaqudgha
 10999 | D:9      | Reached XP level 11. HP: 55/79 MP: 14/20
 11171 | D:10     | Entered Level 10 of the Dungeon
 11247 | D:10     | Found Japaent's Antique Weapon Emporium.
 11258 | D:10     | Learned a level 6 spell: Death Channel
 11859 | D:11     | Noticed a cyclops
 11871 | D:11     | Killed a cyclops
 12038 | D:11     | Reached skill level 12 in Necromancy
 12142 | D:11     | Noticed a two-headed ogre
 12151 | D:11     | Killed a two-headed ogre
 12151 | D:11     | Reached skill level 5 in Axes
 12211 | D:11     | Noticed a brown ugly thing
 12223 | D:11     | Killed a brown ugly thing
 12329 | D:11     | Got a smelly scale mail
 12340 | D:11     | Identified the +1 scale mail "Kiew" {+Fly rC+ Int+4} (You found it on level 11 of the Dungeon)
 12533 | D:11     | Noticed a skeletal warrior
 12590 | D:11     | Noticed a skeletal warrior
 12590 | D:11     | Noticed a skeletal warrior
 12590 | D:11     | Noticed a skeletal warrior
 13307 | Lair:1   | Entered Level 1 of the Lair of Beasts
 14076 | Lair:2   | Reached XP level 12. HP: 59/86 MP: 13/23
 14097 | Lair:2   | Slain by a spiny frog

Skill      XL: |  1  2  3  4  5  6  7  8  9 10 11 |
---------------+----------------------------------+-----
Spellcasting   | 2 3 4 5 6 7 |  7.7
Fighting       | 2 3 4 5 6 |  6.1
Armour         | 1 2 3 4 |  4.0
Necromancy     | 5 6 7 9 11 12 | 12.6
Charms         | 1 2 |  2.5
Axes           | 1 3 6 |  6.2
Evocations     | 1 3 4 |  4.5
Staves         | 2 3 |  3.1
Dodging        | 2 |  2.0
Maces & Flails | |  0.4
Stealth        | |  1.5

Action                   |  1- 3 |  4- 6 |  7- 9 | 10-12 || total
-------------------------+-------+-------+-------+-------++-------
Melee: Unarmed           |    31 |       |       |       ||    31
       Dagger            |    21 |       |       |       ||    21
       Mace              |    15 |   103 |    77 |       ||   195
       Hand axe          |       |       |   131 |   328 ||   459
       Staff             |       |       |   207 |   101 ||   308
 Cast: Pain              |    36 |    71 |    82 |    50 ||   239
       Animate Skeleton  |    12 |    19 |    20 |    16 ||    67
       Vampiric Draining |     1 |     4 |    18 |    54 ||    77
       Regeneration      |       |     1 |     3 |    12 ||    16
       Control Undead    |       |       |    30 |    38 ||    68
       Animate Dead      |       |       |     4 |    14 ||    18
  Use: Potion            |       |     1 |     2 |     1 ||     4
       Scroll            |       |     7 |    10 |     3 ||    20
 Stab: Sleeping          |       |     2 |       |     1 ||     3
       Distracted        |       |       |     3 |     2 ||     5
  Eat: Chunk             |     2 |    12 |    15 |    14 ||    43
       Bread ration      |       |       |     3 |     1 ||     4
       Fruit             |       |       |       |     2 ||     2
Armor: Ring mail         |    42 |    70 |   235 |    78 ||   425
       Scale mail        |       |       |       |   185 ||   185
Dodge: Dodged            |    55 |    88 |   247 |   277 ||   667
Block: Other             |       |       |    30 |    13 ||    43
